 Dungeon Crawl Stone Soup version 0.30-a0-329-g85436e0a43 (webtiles) character file.

Game seed: 6489486571999613819

1 blackman the Sneak (level 1, -8/18 HPs)
             Began as a Human Delver on Oct 28, 2022.
             Was an Initiate of Trog.
             Mangled by an orc warrior
             ... wielding a +0 glaive
              (12 damage)
             ... on level 6 of the Dungeon.
             The game lasted 00:01:11 (151 turns).

blackman the Sneak (Human Delver)                    Turns: 151, Time: 00:01:11

Health: -8/18      AC:  3    Str: 12    XL:     1   Next: 22%
Magic:  1/1        EV: 12    Int: 10    God:    Trog [......]
Gold:   0          SH:  0    Dex: 14    Spells: 0/0 levels left

rFire   . . .      SeeInvis .    a - +0 falchion
rCold   . . .      Faith    .    (no shield)
rNeg    . . .      Spirit   .    b - +0 leather armour
rPois   .          Reflect  .    (no helmet)
rElec   .          Harm     .    (no cloak)
rCorr   .          Rampage  .    (no gloves)
Will    .....                    (no boots)
Stlth   +++.......               (no amulet)
HPRegen 0.23/turn                (no ring)
MPRegen 0.07/turn                (no ring)

@: hasted, very quick
A: no striking features
a: Renounce Religion


You were on level 6 of the Dungeon.
You worshipped Trog.
Trog was noncommittal.
You visited 1 branch of the dungeon, and saw 2 of its levels.

Inventory:

Hand Weapons
 a - a +0 falchion (weapon)
Missiles
 d - 2 atropa-tipped darts (quivered)
Armour
 b - a +0 leather armour (worn)
Wands
 g - a wand of digging (2)
Scrolls
 c - a scroll of fog


   Skills:
 - Level 3.0 Fighting
 + Level 2.1 Long Blades
 - Level 2.0 Dodging
 - Level 5.0 Stealth


You couldn't memorise any spells.
You didn't know any spells.
Your spell library was empty.

Dungeon Overview and Level Annotations

Branches:
Dungeon (6/15)
 Temple: D:4-7

Altars:
Fedhas
Trog
Uskayaw
Wu Jian


Message History

You feel aware of your surroundings.
You sensed 4 altars, and 1 shop/portal.
An orc warrior and an orc come into view.
Found 3 stones.
The orc shouts!
You hear a shout!
There are monsters nearby!
Found a quarterstaff.
An orc comes into view. It is wielding a +0 whip.
Found an escape hatch in the ceiling.
Found 2 atropa-tipped darts.
An adder comes into view.
You see here 2 atropa-tipped darts.
d - 2 atropa-tipped darts The adder hisses angrily.
Aiming: Dig
Press: ? - help, Shift-Dir - straight line A rock wall.
The rock shatters into small pieces.
The orc attacks as you move away! The orc closely misses you.
The orc attacks as you move away! The orc hits you with a +0 whip.
Found a bloodstained altar of Trog.
The orc attacks as you move away! The orc hits you with a +0 whip.
As you read the scroll of fear, it crumbles to dust.
You assume a fearsome visage.
The adder looks frightened!
The orc warrior looks frightened!
The orc looks frightened!
Found a hide-covered altar of Uskayaw.
Found an ornate altar of the Wu Jian Council.
Found a blossoming altar of Fedhas.
The orc warrior seems to regain its courage.
There is a bloodstained altar of Trog here.
You kneel at the altar of Trog.
Trog welcomes you!
The orc seems to regain its courage.
The orc warrior closely misses you.
You feel yourself speed up.
The orc warrior hits you from afar with a +0 glaive!
Ouch! That really hurt!
* * * LOW HITPOINT WARNING * * *
An orc comes into view. It is wielding a +0 club.
The orc warrior hits you from afar with a +0 glaive!
Ouch! That really hurt!
You die...

*,* #.### *,* #.#.#######
*******,*#####.#.......#
**,,,,,,,,,...#.#.#.###.#
*,,⌠,,,⌠,***#.#.#.##o##.#
*,,,,∩,,,* #.......#.#.#######*
*,,⌠,,,⌠,* ##8oo8####.S.......*
*,,,,,,,,* #_....#####.######,*
*,,,**,*** ###@.###........#*,*
***,,,,,****#⌠....#########.#*,*
*****,,,,,###..##########.#*,#
*****,#_.....#.S......##.#
**###..##########o....
*,*#....####..,*#.####
*,*##..##*....,,#.#
*,#⌠...._###.####.####
#.##..#_###...o.......


You could see an orc warrior and 2 orcs.

Vanquished Creatures
  A quokka (D:5)
1 creature vanquished.

Notes
Turn   | Place    | Note
-------+----------+-------------------------------------------
     0 | D:5      | blackman the Human Delver began the quest for the Orb.
     0 | D:5      | Reached XP level 1. HP: 18/18 MP: 1/1
    68 | D:5      | Noticed a phantom
    77 | D:6      | Noticed an orc warrior
   124 | D:6      | Found a bloodstained altar of Trog.
   134 | D:6      | Found a hide-covered altar of Uskayaw.
   135 | D:6      | Found an ornate altar of the Wu Jian Council.
   138 | D:6      | Found a blossoming altar of Fedhas.
   148 | D:6      | Became a worshipper of Trog the Wrathful
   151 | D:6      | Mangled by an orc warrior

Illustrated notes

Levels and vault maps discovered:
D:5:      layout_rooms, minmay_holes, uniq_duvessa
D:6:      layout_basic, minitemple, dk_noncrumbling_4, nicolae_shop_vocational,
          uniq_blork_the_orc

Action                   || total
-------------------------++-------
Melee: Falchion          ||     4
Evoke: Wand              ||     1
  Use: Scroll            ||     2
       Potion            ||     1
Dodge: Dodged            ||     5

Table legend: (Time is in decaauts)
 A = Elapsed time spent in this place.
 B = Non-inter-level travel time spent in this place.
 C = Inter-level travel time spent in this place.
 D = Time resting spent in this place.
 E = Time spent auto-exploring this place.
 F = Levels seen in this place.
 G = Mean time per level.
                   A        B        C        D        E       F      G
               +--------+--------+--------+--------+--------+-----+--------+
         Total |    151 |    151 |      0 |      0 |     55 |   2 |   75.5 |
       Dungeon |    151 |    151 |      0 |      0 |     55 |   2 |   75.5 |
               +--------+--------+--------+--------+--------+-----+--------+

Top non-repeatable levels by time:
     D:6: 77 daAuts
     D:5: 73 daAuts
